Map: 2000 Atmospheres LE

Players

Bunny - Winner!

  • Race: Terran Terran

Serral

  • Race: Zerg Zerg

Event: StayAtHome Story Cup #4

VOD

Have the link to the VOD?

Description

Time

  • Played on: Oct. 22, 2021, 10:11 a.m.
  • Length: 9:28

All games in this series

Show
View Real Time Build Order
Export as new Build Order

Bunny Terran - Winner!

Build Orders: Reaper Expand 

Get SALT Encoding   

  12  0:00  SCV  
  13  0:12  SCV  
  14  0:17  Supply Depot  
  14  0:25  SCV  
  15  0:38  SCV  
  15  0:39  Barracks  
  16  0:42  Refinery  
  16  0:50  SCV  
  17  1:02  SCV  
  18  1:14  SCV  
  19  1:27  Reaper, Orbital Command  
  20  1:38  Command Center  
  20  1:48  Barracks  
  20  1:52  SCV  
  21  1:59  Barracks Reactor  
  21  2:01  Supply Depot  
  21  2:04  SCV  
  22  2:10  Refinery  
  22  2:17  SCV  
  23  2:27  Factory  
  23  2:29  SCV  
  24  2:36  Barracks Tech Lab, Marine x2  
  26  2:41  SCV  
  27  2:52  Orbital Command  
  27  2:53  SCV, Marine  
  27  2:54  Marine  
  27  2:55  Marine  
  31  2:59  Stimpack  
  31  3:05  SCV  
  32  3:11  Marine x2  
  34  3:13  Marine  
  34  3:17  Starport  
  35  3:20  SCV  
  35  3:23  SCV  
  35  3:24  Factory Reactor  
  37  3:32  SCV  
  37  3:33  Supply Depot  
  38  3:35  SCV  
  38  3:37  Marine x3  
  42  3:45  SCV  
  42  3:47  SCV  
  44  3:55  Supply Depot  
  44  3:56  Marine x3  
  44  3:57  SCV  
  44  3:59  SCV  
  49  4:08  Medivac x2  
  49  4:09  SCV  
  54  4:10  Supply Depot  
  54  4:16  SCV, Marine x3  
  58  4:20  Supply Depot  
  58  4:23  SCV  
  59  4:28  SCV  
  60  4:35  SCV, Marine x3  
  64  4:39  Combat Shield  
  64  4:40  SCV  
  67  4:46  Widow Mine  
  66  4:53  Marine x3  
  66  4:58  SCV x2  
  70  5:04  Medivac  
  72  5:09  Refinery x2  
  72  5:10  SCV x2, Command Center  
  72  5:13  Supply Depot  
  74  5:18  Factory Tech Lab, Armory  
  74  5:22  SCV  
  74  5:23  SCV  
  75  5:36  Starport Reactor  
  75  5:39  SCV  
  75  5:40  SCV, Marine x3  
  80  5:48  Widow Mine  
  82  5:51  Factory  
  82  5:52  SCV x2, Engineering Bay x2  
  84  5:59  Barracks  
  84  6:02  Marine x2  
  86  6:06  Drilling Claws, Concussive Shells  
  86  6:07  Supply Depot  
  86  6:21  Widow Mine, SCV x2, Marine x3  
  90  6:36  SCV x2  
  90  6:38  Widow Mine x2, Terran Infantry Weapons Level 1, Terran Infantry Armor Level 1  
  90  6:39  Marine  
  96  6:42  Barracks  
  96  6:45  Barracks, Marine x2  
  98  6:47  Medivac  
  98  6:49  Barracks Reactor  
  98  6:51  Widow Mine  
  102  6:55  SCV x2  
  102  6:56  Marine  
  105  7:01  Orbital Command  
  105  7:05  Widow Mine x2  
  109  7:08  Supply Depot  
  109  7:12  Marine x2  
  109  7:18  Supply Depot  
  109  7:21  Supply Depot  
  109  7:27  Marine  
  109  7:30  SCV x3, Medivac x2  
  109  7:35  Barracks Reactor x2  
  109  7:36  Supply Depot  
  116  7:38  Supply Depot  
  116  7:42  SCV x2  
  116  7:43  Widow Mine x3  
  123  7:46  Marine  
  123  7:47  Marine x4  
  127  7:51  SCV  
  127  7:54  SCV x2  
  130  8:04  Medivac x2, Command Center  
  134  8:07  Widow Mine x2  
  134  8:08  Widow Mine  
  134  8:10  Marauder  
  142  8:19  Marine x4  
  140  8:21  Marine x4  
  144  8:29  Refinery  
  144  8:30  SCV x3, Refinery  
  144  8:31  Marine  
  148  8:37  Marine  
  148  8:39  Medivac x2  
  149  8:42  SCV  
  149  8:45  Marine  
  149  8:46  Marine x6  
  157  8:59  Supply Depot  
  157  9:00  Widow Mine x3, Supply Depot, Marine  
  159  9:26  Barracks  
Show
View Real Time Build Order
Export as new Build Order

Serral Zerg 

Build Orders: Hatch First 

Get SALT Encoding   

  12  0:00  Drone  
  13  0:12  Overlord  
  13  0:17  Drone  
  14  0:31  Drone x2  
  16  0:48  Hatchery  
  15  0:51  Drone  
  15  0:55  Drone  
  17  0:58  Drone  
  18  1:09  Extractor  
  17  1:13  Spawning Pool  
  17  1:16  Drone  
  17  1:20  Drone  
  18  1:28  Drone  
  19  1:38  Drone  
  20  1:49  Drone  
  21  1:59  Queen  
  21  2:00  Queen  
  21  2:01  Zergling x4  
  27  2:12  Drone, Overlord  
  28  2:22  Hatchery  
  27  2:26  Drone  
  28  2:32  Drone  
  29  2:38  Metabolic Boost, Drone x2  
  31  2:45  Queen  
  31  2:50  Overlord  
  33  2:53  Drone  
  33  2:55  Drone  
  33  2:57  Drone  
  36  3:04  Overlord  
  36  3:10  Drone x2  
  36  3:11  Drone x2  
  40  3:16  Queen  
  40  3:19  Drone  
  43  3:24  Queen  
  45  3:32  Drone x3  
  48  3:37  Queen  
  50  3:41  Overlord  
  50  3:43  Zergling x6  
  50  3:45  Zergling x2  
  50  3:48  Overlord  
  54  3:52  Zergling x2  
  54  3:53  Overlord  
  55  3:59  Queen  
  55  4:00  Drone  
  57  4:05  Overlord  
  57  4:08  Drone  
  57  4:09  Drone x3  
  61  4:11  Drone  
  61  4:12  Drone  
  61  4:15  Queen  
  65  4:19  Drone x2  
  65  4:22  Drone  
  68  4:26  Drone  
  68  4:27  Drone x2  
  68  4:28  Drone  
  68  4:29  Drone  
  68  4:30  Drone  
  74  4:36  Lair  
  74  4:39  Extractor  
  74  4:40  Zergling x4  
  74  4:42  Drone x3, Baneling Nest  
  74  4:43  Extractor  
  76  4:47  Spore Crawler  
  76  4:51  Zergling x4  
  77  4:56  Drone x3  
  74  5:00  Drone x2  
  74  5:01  Drone  
  77  5:07  Queen  
  77  5:11  Zergling x2  
  77  5:12  Extractor, Zergling x4  
  81  5:21  Zergling x2  
  82  5:23  Hatchery, Zergling x2  
  82  5:26  Overlord  
  81  5:31  Overlord  
  81  5:36  Centrifugal Hooks  
  81  5:38  Zergling x2  
  81  5:39  Evolution Chamber  
  81  5:40  Overlord, Evolution Chamber  
  81  5:42  Baneling x4  
  80  5:43  Baneling  
  80  5:46  Queen  
  80  5:47  Zergling x16  
  90  5:53  Overlord  
  90  5:55  Spore Crawler  
  90  5:56  Zergling x8  
  93  6:09  Zerg Ground Armor Level 1, Zerg Melee Weapons Level 1  
  93  6:10  Zergling x10  
  97  6:20  Zergling x2, Spawning Pool  
  97  6:21  Zergling x12  
  90  6:42  Drone x6  
  96  6:57  Drone x3  
  96  6:58  Drone x3  
  96  7:00  Drone x2  
  98  7:02  Baneling x11  
  98  7:07  Zergling x8  
  102  7:09  Zergling x12  
  102  7:14  Queen  
  102  7:15  Zergling x4  
  112  7:17  Baneling x4  
  112  7:18  Zergling x2  
  112  7:30  Drone x4  
  116  7:40  Zergling x2  
  116  7:41  Zergling x6  
  120  7:44  Overlord x3  
  120  7:48  Hatchery, Spore Crawler  
  120  7:50  Drone x2  
  120  7:51  Spore Crawler  
  119  7:53  Hydralisk Den  
  119  7:56  Pneumatized Carapace  
  118  7:58  Overseer  
  118  8:00  Drone x2  
  118  8:05  Drone x3  
  122  8:10  Drone x2  
  122  8:18  Zergling x16  
  128  8:25  Overseer  
  120  8:27  Drone x8  
  120  8:28  Spore Crawler  
  128  8:35  Zergling x4  
  128  8:36  Zergling x6  
  128  8:37  Baneling x6  
  128  8:40  Zergling x4  
  133  8:48  Zergling x6  
  136  8:57  Hatchery  
Tags
 
Add a new tag
Caveats
  • Supply blocks, unpowered buildings, or Contaminate may cause inaccurate times.
  • Supply counts are checked every 10 seconds.